 Dungeon Crawl Stone Soup version 0.21.1-1-g345015fe64 (webtiles) character file.

110 HooM the Skirmisher (level 4, -8/41 HPs)
             Began as a Hill Orc Fighter on Mar 14, 2018.
             Killed from afar by Ijyb (11 damage)
             ... with a wand of flame (8)
             ... on level 3 of the Dungeon.
             The game lasted 00:09:14 (1617 turns).

HooM the Skirmisher (Hill Orc Fighter)              Turns: 1617, Time: 00:09:14

Health: -8/41      AC:  6    Str: 19    XL:     4   Next: 91%
Magic:  4/4        EV:  7    Int:  8    God:
Gold:   210        SH:  9    Dex: 10    Spells: 3/3 levels left

rFire    . . .     SeeInvis .   a - +0 war axe
rCold    . . .     Gourm    .   c - +0 shield
rNeg     . . .     Faith    .   b - +0 scale mail
rPois    .         Spirit   .   (no helmet)
rElec    .         Reflect  .   (no cloak)
rCorr    .         Harm     .   (no gloves)
MR       .....                  (no boots)
Stlth    ..........             (no amulet)
HPRegen  0.13/turn              (no ring)
MPRegen  0.09/turn              (no ring)

@: no status effects
A: no striking features
a: no special abilities


You were on level 3 of the Dungeon.
You were not hungry.

You visited 1 branch of the dungeon, and saw 3 of its levels.

You collected 210 gold pieces.

Inventory:

Hand Weapons
 a - a +0 war axe (weapon)
Missiles
 e - 107 stones (quivered)
 t - 3 curare-tipped needles
Armour
 b - a +0 scale mail (worn)
 c - a +0 shield (worn)
Scrolls
 g - a scroll of magic mapping {unknown}
 h - a scroll of fog {unknown}
 i - a scroll of enchant armour
 n - a scroll of remove curse
 r - 2 scrolls of identify
 s - a scroll of teleportation {unknown}
Potions
 d - a potion of might
 j - 3 potions of heal wounds {unknown}
 k - 5 potions of curing {unknown}
 l - 2 potions of lignification {unknown}
 m - 2 potions of degeneration {unknown}
 o - a potion of cancellation {unknown}
 p - a potion of resistance {unknown}
 q - a potion of mutation {unknown}
Comestibles
 f - 7 rations


   Skills:
 + Level 4.7 Fighting
 + Level 4.5 Axes
 + Level 3.6 Armour
 + Level 3.9 Shields


You had 3 spell levels left.
You didn't know any spells.

Dungeon Overview and Level Annotations

Branches:
Dungeon (3/15)

Altars:

Annotations:
D:3 Ijyb


Message History

* * * LOW HITPOINT WARNING * * *
Ijyb completely misses you.
You see here a sedimented coppery potion.
Your scale mail prevents you from hitting Ijyb.
Ijyb zaps a wand.
The puff of flame misses you.
You barely miss Ijyb. Ijyb screams, "I no like you!"
Ijyb zaps a wand.
You block the puff of flame.
You slash Ijyb!
Ijyb is heavily wounded.
Ijyb barely misses you.
Ijyb zaps a wand.
The puff of flame hits you!
* * * LOW HITPOINT WARNING * * *
You barely miss Ijyb.
Ijyb is heavily wounded.
Ijyb screams, "No!
No, no, no, no!"
Ijyb hits you but does no damage.
Your shield prevents you from hitting Ijyb.
Ijyb is heavily wounded.
Ijyb zaps a wand.
The puff of flame hits you!
You die...

###.#..^...####......##
............#.........#
.......................
.......................
.......................
...............)####..
.................##
.................$#
................@.#
................g.#
....##.........$(.#
#####..##.........#
####..####.......(#
.....## .......(..
###### ..........
.........##


You could see Ijyb.

Vanquished Creatures
  2 adders (D:2)
  2 oozes
  2 worms
  3 dart slugs (D:2)
  4 leopard geckos
  A ball python (D:3)
  2 giant cockroaches (D:2)
  4 hobgoblins
  5 jackals (D:1)
  17 bats
  6 frilled lizards
  8 goblins
  8 kobolds
  4 rats
68 creatures vanquished.

Notes
Turn   | Place    | Note
-------+----------+-------------------------------------------
     0 | D:1      | HooM the Hill Orc Fighter began the quest for the Orb.
     0 | D:1      | Reached XP level 1. HP: 19/19 MP: 1/1
    71 | D:1      | Reached XP level 2. HP: 27/27 MP: 2/2
   255 | D:1      | Reached XP level 3. HP: 34/34 MP: 3/3
   821 | D:2      | Reached XP level 4. HP: 40/41 MP: 4/4
  1605 | D:3      | Noticed Ijyb
  1617 | D:3      | Killed from afar by Ijyb

Skill      XL: |  1  2  3  4 |
---------------+-------------+-----
Fighting       | 4 |  4.7
Axes           | 3 4 |  4.5
Armour         | |  3.6
Shields        | |  3.9

Action                   |  1- 3 |  4- 6 || total
-------------------------+-------+-------++-------
Melee: War axe           |   105 |    77 ||   182
Throw: Stone             |    14 |    10 ||    24
  Use: Scroll            |       |     4 ||     4
  Eat: Chunk             |       |     3 ||     3
Armor: Scale mail        |    59 |    36 ||    95
Dodge: Dodged            |    44 |    32 ||    76
Block: Shield            |    72 |    41 ||   113
